[ AOE2 MATCH · #476618184 ]
UnrankedItalians vs Spanish
[ REPLAY ANALYSIS · EXTRACTED FROM THE RECORDED GAME ]
Feudal
11:03
Castle
14:34
Imperial
27:53
| APM avg | 26.1 |
| APM peak | 59 |
| eAPM avg | 16.9 |
| Villagers / military | 123 / 104 |
Focus
⚔️ 33.9% · 🌾 66.1%
Archer ×43 · Genoese Crossbowman ×29 · Bombard Cannon ×13 · Skirmisher ×9 · Trebuchet (Packed) ×5 · Spearman ×2
Feudal
10:56
Castle
14:29
Imperial
32:11
| APM avg | 36.9 |
| APM peak | 72 |
| eAPM avg | 20.3 |
| Villagers / military | 170 / 210 |
Focus
⚔️ 29.9% · 🌾 70.1%
Knight ×166 · Missionary ×20 · Conquistador ×17 · Trebuchet (Packed) ×3 · Bombard Cannon ×2 · Monk ×1
Feudal
10:03
Castle
16:54
Imperial
30:16
| APM avg | 34.6 |
| APM peak | 84 |
| eAPM avg | 22.8 |
| Villagers / military | 154 / 39 |
Focus
⚔️ 24.7% · 🌾 75.3%
Unknown (1949) ×77 · Scout Cavalry ×35 · Unknown (1944) ×33 · Unknown (1942) ×7 · Monk ×2 · Petard ×2
Feudal
11:03
Castle
15:02
Imperial
36:47
| APM avg | 28.1 |
| APM peak | 56 |
| eAPM avg | 23.3 |
| Villagers / military | 202 / 119 |
Focus
⚔️ 31.8% · 🌾 68.2%
Unknown (882) ×113 · Spearman ×79 · Skirmisher ×13 · Monk ×12 · Arambai ×11 · Battle Elephant ×2
Feudal
—
Castle
—
Imperial
—
| APM avg | 44.8 |
| APM peak | 98 |
| eAPM avg | 20.0 |
| Villagers / military | 122 / 44 |
Focus
⚔️ 36.7% · 🌾 63.3%
Iron Pagoda ×26 · War Wagon ×10 · Fire Lancer ×4 · Trebuchet (Packed) ×4
Feudal
11:02
Castle
13:42
Imperial
31:00
| APM avg | 35.3 |
| APM peak | 110 |
| eAPM avg | 19.9 |
| Villagers / military | 155 / 193 |
Focus
⚔️ 38.7% · 🌾 61.3%
Battle Elephant ×148 · Knight ×40 · Trebuchet (Packed) ×3 · Monk ×1 · Mangonel ×1
Match map
Initial resources + every placement click. Lines = walls · curves = elevation contours. ◆ gold · ⬟ stone · ● berries · ✦ relic · ◌ wall gap
Your base· ✓ Closed at 14:34 · 0t walls · 2 gate(s)
yaniversary's base· ✓ Closed at 14:29 · 0t walls · 2 gate(s)
froopalarm's base· ✓ Closed at 16:54 · 0t walls · 2 gate(s)
bindella's base· ✓ Closed at 15:02 · 0t walls · 2 gate(s)
Bartek2451979's base· ✓ Closed at 17:20 · 4t walls · 3 gate(s)
Handsome01's base· ✓ Closed at 13:42 · 7t walls · 5 gate(s)
Smoothed initial terrain · ◌ = detected wall gap · hover for details
Inputs per minute
— Dr.Dreamz - - yaniversary
Build order — Dr.Dreamz
First 150 of 383 actions detected
| 0:01 | Create | Villager (Male) |
| 0:04 | Build | House |
| 0:05 | Build | House |
| 0:06 | Create | Villager (Male) |
| 0:21 | Create | Villager (Male) |
| 0:27 | Create | Villager (Male) |
| 1:27 | Create | Villager (Male) |
| 1:50 | Create | Villager (Male) |
| 1:53 | Build | Lumber Camp |
| 2:24 | Create | Villager (Male) |
| 2:54 | Create | Villager (Male) |
| 3:10 | Create | Villager (Male) |
| 3:47 | Create | Villager (Male) |
| 3:48 | Create | Villager (Male) |
| 3:56 | Build | House |
| 3:57 | Build | House |
| 4:43 | Create | Villager (Male) |
| 4:44 | Create | Villager (Male) |
| 4:44 | Create | Villager (Male) |
| 4:46 | Build | House |
| 5:19 | Build | Mill |
| 5:29 | Create | Villager (Male) |
| 5:29 | Create | Villager (Male) |
| 5:29 | Create | Villager (Male) |
| 6:18 | Create | Villager (Male) |
| 6:59 | Create | Villager (Male) |
| 7:03 | Build | Mining Camp |
| 7:22 | Create | Villager (Male) |
| 8:27 | Create | Villager (Male) |
| 8:37 | Research | Feudal Age |
| 9:18 | Create | Villager (Male) |
| 9:18 | Create | Villager (Male) |
| 9:31 | Build | Barracks |
| 10:41 | Build | House |
| 11:03 | Age | Feudal Age |
| 11:07 | Build | Archery Range |
| 11:14 | Build | Blacksmith |
| 11:54 | Research | Castle Age |
| 11:57 | Create | Archer |
| 11:59 | Create | Spearman |
| 12:23 | Research | Double-Bit Axe |
| 12:26 | Create | Militia |
| 12:32 | Create | Archer |
| 12:36 | Build | Farm |
| 12:41 | Build | Farm |
| 12:46 | Create | Villager (Male) |
| 12:59 | Create | Archer |
| 13:04 | Build | Farm |
| 13:06 | Build | Farm |
| 13:22 | Create | Archer |
| 13:24 | Build | Farm |
| 13:28 | Build | Farm |
| 13:34 | Create | Archer |
| 13:48 | Create | Villager (Male) |
| 13:54 | Research | Horse Collar |
| 14:02 | Research | Fletching |
| 14:32 | Create | Villager (Male) |
| 14:34 | Age | Castle Age |
| 14:37 | Create | Archer |
| 14:55 | Create | Villager (Male) |
| 14:55 | Create | Villager (Male) |
| 15:10 | Build | House |
| 15:18 | Build | Siege Workshop |
| 15:20 | Create | Archer |
| 15:26 | Research | Wheelbarrow |
| 15:30 | Build | Lumber Camp |
| 15:44 | Create | Villager (Male) |
| 15:56 | Build | House |
| 15:57 | Build | House |
| 16:13 | Research | Crossbowman (upgrade) |
| 16:15 | Create | Villager (Male) |
| 16:19 | Research | Gold Mining |
| 16:52 | Create | Villager (Male) |
| 17:00 | Build | Farm |
| 17:10 | Build | House |
| 17:15 | Build | Farm |
| 17:22 | Build | House |
| 17:38 | Create | Villager (Male) |
| 17:40 | Create | Battering Ram |
| 17:51 | Create | Spearman |
| 17:58 | Build | Farm |
| 18:00 | Build | Farm |
| 18:07 | Build | Farm |
| 18:13 | Create | Villager (Male) |
| 18:44 | Create | Villager (Male) |
| 19:06 | Create | Archer |
| 19:06 | Create | Archer |
| 19:18 | Create | Villager (Male) |
| 19:27 | Research | Bodkin Arrow |
| 19:36 | Build | Siege Workshop |
| 19:41 | Create | Villager (Male) |
| 19:42 | Create | Villager (Male) |
| 19:49 | Create | Archer |
| 19:58 | Create | Villager (Male) |
| 20:09 | Create | Villager (Male) |
| 20:29 | Create | Archer |
| 20:36 | Create | Villager (Male) |
| 20:47 | Create | Archer |
| 20:48 | Create | Archer |
| 20:51 | Create | Villager (Male) |
| 21:06 | Build | University |
| 21:31 | Create | Villager (Male) |
| 21:32 | Create | Villager (Male) |
| 21:39 | Build | Farm |
| 21:47 | Build | Farm |
| 21:48 | Build | Farm |
| 21:50 | Build | Farm |
| 21:51 | Build | Farm |
| 21:54 | Build | Farm |
| 22:04 | Build | Lumber Camp |
| 22:10 | Create | Villager (Male) |
| 22:14 | Create | Villager (Male) |
| 22:21 | Create | Villager (Male) |
| 22:21 | Create | Villager (Male) |
| 22:28 | Create | Archer |
| 22:29 | Create | Archer |
| 22:36 | Build | Monastery |
| 22:43 | Create | Villager (Male) |
| 22:51 | Create | Villager (Male) |
| 23:04 | Build | Market |
| 23:46 | Build | Mining Camp |
| 24:42 | Research | Imperial Age |
| 24:49 | Build | Archery Range |
| 24:56 | Research | Ballistics |
| 25:02 | Create | Archer |
| 25:02 | Create | Archer |
| 25:09 | Research | Loom |
| 25:10 | Create | Villager (Male) |
| 25:27 | Build | House |
| 25:28 | Build | House |
| 25:29 | Build | House |
| 25:33 | Create | Archer |
| 25:33 | Create | Archer |
| 25:36 | Create | Villager (Male) |
| 25:39 | Create | Monk |
| 25:51 | Research | Bow Saw |
| 26:03 | Create | Archer |
| 26:04 | Create | Archer |
| 26:15 | Research | Padded Archer Armor |
| 26:52 | Create | Archer |
| 26:58 | Research | Elite Skirmisher (upgrade) |
| 27:06 | Create | Skirmisher |
| 27:06 | Create | Skirmisher |
| 27:31 | Build | Archery Range |
| 27:32 | Create | Villager (Male) |
| 27:42 | Research | Town Watch |
| 27:46 | Create | Villager (Male) |
| 27:53 | Create | Skirmisher |
| 27:53 | Age | Imperial Age |
| 27:53 | Create | Skirmisher |
Build order — yaniversary
First 150 of 477 actions detected
| 0:01 | Create | Villager (Male) |
| 0:01 | Create | Villager (Male) |
| 0:02 | Build | House |
| 0:04 | Build | House |
| 0:23 | Create | Villager (Male) |
| 0:48 | Create | Villager (Male) |
| 0:48 | Create | Villager (Male) |
| 1:41 | Create | Villager (Male) |
| 1:41 | Create | Villager (Male) |
| 2:02 | Create | Villager (Male) |
| 2:03 | Create | Villager (Male) |
| 2:03 | Create | Villager (Male) |
| 2:42 | Build | Lumber Camp |
| 2:44 | Create | Villager (Male) |
| 2:44 | Create | Villager (Male) |
| 3:08 | Create | Villager (Male) |
| 3:08 | Create | Villager (Male) |
| 3:46 | Create | Villager (Male) |
| 3:55 | Build | House |
| 3:59 | Build | House |
| 4:00 | Build | House |
| 4:14 | Create | Villager (Male) |
| 4:14 | Create | Villager (Male) |
| 4:15 | Create | Villager (Male) |
| 5:44 | Create | Villager (Male) |
| 5:44 | Create | Villager (Male) |
| 5:54 | Build | Mill |
| 6:33 | Create | Villager (Male) |
| 6:59 | Create | Villager (Male) |
| 7:18 | Create | Villager (Male) |
| 7:20 | Build | Mining Camp |
| 7:30 | Create | Villager (Male) |
| 7:30 | Create | Villager (Male) |
| 8:22 | Research | Feudal Age |
| 8:35 | Build | Mining Camp |
| 9:13 | Create | Villager (Male) |
| 9:13 | Create | Villager (Male) |
| 10:56 | Age | Feudal Age |
| 11:03 | Build | Market |
| 11:08 | Build | Blacksmith |
| 11:49 | Research | Castle Age |
| 14:16 | Create | Villager (Male) |
| 14:23 | Research | Double-Bit Axe |
| 14:23 | Research | Horse Collar |
| 14:23 | Research | Horse Collar |
| 14:29 | Age | Castle Age |
| 14:36 | Build | Castle |
| 14:48 | Create | Villager (Male) |
| 14:51 | Build | Farm |
| 14:54 | Build | Farm |
| 14:55 | Build | Farm |
| 14:55 | Build | Farm |
| 15:10 | Create | Villager (Male) |
| 15:14 | Build | Farm |
| 15:16 | Build | Farm |
| 15:18 | Create | Villager (Male) |
| 15:32 | Create | Conquistador |
| 15:32 | Create | Conquistador |
| 15:39 | Build | Farm |
| 15:47 | Create | Conquistador |
| 15:53 | Build | Farm |
| 16:12 | Create | Villager (Male) |
| 16:15 | Build | Farm |
| 16:35 | Create | Conquistador |
| 16:40 | Build | Farm |
| 16:41 | Build | Farm |
| 17:00 | Build | Farm |
| 17:02 | Create | Conquistador |
| 17:06 | Create | Villager (Male) |
| 17:07 | Create | Villager (Male) |
| 17:23 | Create | Conquistador |
| 17:34 | Create | Villager (Male) |
| 17:41 | Build | Farm |
| 17:49 | Build | Farm |
| 17:50 | Build | Farm |
| 17:57 | Create | Conquistador |
| 18:02 | Create | Villager (Male) |
| 18:15 | Build | Farm |
| 18:24 | Create | Conquistador |
| 18:43 | Create | Villager (Male) |
| 18:54 | Create | Conquistador |
| 19:09 | Create | Villager (Male) |
| 19:17 | Create | Conquistador |
| 19:44 | Create | Villager (Male) |
| 19:50 | Create | Villager (Male) |
| 19:53 | Build | Farm |
| 20:39 | Create | Villager (Male) |
| 20:39 | Create | Villager (Male) |
| 20:43 | Build | Town Center |
| 21:02 | Create | Villager (Male) |
| 21:28 | Create | Villager (Male) |
| 21:31 | Build | Town Center |
| 21:49 | Research | Bow Saw |
| 21:49 | Research | Bow Saw |
| 21:50 | Create | Villager (Male) |
| 21:53 | Create | Villager (Male) |
| 22:05 | Create | Villager (Male) |
| 22:06 | Create | Villager (Male) |
| 22:08 | Research | Wheelbarrow |
| 22:19 | Create | Villager (Male) |
| 22:27 | Create | Villager (Male) |
| 22:27 | Create | Villager (Male) |
| 22:49 | Create | Conquistador |
| 22:53 | Research | Padded Archer Armor |
| 22:53 | Research | Padded Archer Armor |
| 22:56 | Create | Villager (Male) |
| 23:04 | Build | Town Center |
| 23:19 | Create | Villager (Male) |
| 23:22 | Create | Villager (Male) |
| 23:41 | Create | Villager (Male) |
| 23:43 | Build | Farm |
| 23:43 | Build | Farm |
| 23:44 | Build | Farm |
| 23:44 | Build | Farm |
| 23:44 | Build | Farm |
| 23:48 | Build | House |
| 23:51 | Build | House |
| 23:52 | Build | House |
| 24:19 | Create | Villager (Male) |
| 24:20 | Create | Villager (Male) |
| 24:20 | Create | Villager (Male) |
| 24:20 | Create | Villager (Male) |
| 24:20 | Create | Villager (Male) |
| 24:23 | Research | Heavy Plow |
| 24:43 | Build | Farm |
| 24:43 | Build | Farm |
| 24:44 | Create | Villager (Male) |
| 24:44 | Create | Villager (Male) |
| 24:44 | Create | Villager (Male) |
| 24:47 | Build | House |
| 24:48 | Build | House |
| 25:09 | Create | Villager (Male) |
| 25:10 | Create | Villager (Male) |
| 25:11 | Create | Villager (Male) |
| 25:11 | Create | Villager (Male) |
| 25:12 | Build | Farm |
| 25:12 | Build | Farm |
| 25:13 | Build | Farm |
| 25:13 | Build | Farm |
| 25:13 | Build | Farm |
| 25:13 | Build | Farm |
| 25:16 | Create | Villager (Male) |
| 25:18 | Build | House |
| 25:19 | Build | House |
| 25:26 | Create | Villager (Male) |
| 25:26 | Create | Villager (Male) |
| 25:28 | Build | Farm |
| 25:30 | Build | Farm |
| 25:53 | Create | Villager (Male) |
| 25:54 | Create | Villager (Male) |
Build order — froopalarm
First 150 of 513 actions detected
| 0:01 | Create | Villager (Male) |
| 0:01 | Create | Villager (Male) |
| 0:02 | Build | House |
| 0:04 | Build | House |
| 0:13 | Create | Villager (Male) |
| 0:13 | Create | Villager (Male) |
| 1:21 | Create | Villager (Male) |
| 1:22 | Create | Villager (Male) |
| 1:51 | Create | Villager (Male) |
| 1:52 | Create | Villager (Male) |
| 1:55 | Build | Lumber Camp |
| 2:43 | Create | Villager (Male) |
| 2:43 | Create | Villager (Male) |
| 2:56 | Create | Villager (Male) |
| 3:08 | Create | Villager (Male) |
| 3:08 | Create | Villager (Male) |
| 3:14 | Build | House |
| 3:42 | Create | Villager (Male) |
| 4:33 | Create | Villager (Male) |
| 4:33 | Create | Villager (Male) |
| 4:34 | Create | Villager (Male) |
| 4:49 | Create | Villager (Male) |
| 5:29 | Build | House |
| 5:41 | Create | Villager (Male) |
| 5:41 | Create | Villager (Male) |
| 5:41 | Create | Villager (Male) |
| 5:58 | Create | Villager (Male) |
| 6:04 | Build | Mill |
| 6:11 | Create | Villager (Male) |
| 7:33 | Build | House |
| 7:48 | Research | Feudal Age |
| 7:48 | Research | Feudal Age |
| 8:10 | Build | Mining Camp |
| 9:18 | Create | Villager (Male) |
| 9:18 | Create | Villager (Male) |
| 9:29 | Create | Villager (Male) |
| 10:03 | Age | Feudal Age |
| 10:10 | Create | Villager (Male) |
| 10:14 | Build | Market |
| 10:18 | Build | Blacksmith |
| 10:20 | Research | Double-Bit Axe |
| 10:33 | Research | Horse Collar |
| 10:38 | Build | Farm |
| 10:53 | Build | Farm |
| 10:59 | Build | House |
| 11:10 | Build | Farm |
| 11:15 | Create | Villager (Male) |
| 11:52 | Build | Farm |
| 11:56 | Build | Farm |
| 11:57 | Create | Villager (Male) |
| 12:16 | Build | Farm |
| 12:19 | Create | Villager (Male) |
| 12:40 | Build | Farm |
| 12:40 | Create | Villager (Male) |
| 12:48 | Build | Farm |
| 12:51 | Build | Farm |
| 13:03 | Create | Villager (Male) |
| 13:10 | Build | House |
| 13:14 | Build | Farm |
| 13:36 | Build | Farm |
| 13:40 | Build | Farm |
| 13:41 | Create | Villager (Male) |
| 14:08 | Research | Castle Age |
| 14:51 | Build | Farm |
| 15:22 | Research | Gold Mining |
| 15:50 | Research | Stone Mining |
| 16:23 | Create | Villager (Male) |
| 16:23 | Create | Villager (Male) |
| 16:54 | Age | Castle Age |
| 17:03 | Build | Town Center |
| 17:06 | Research | Bow Saw |
| 17:11 | Build | Town Center |
| 17:17 | Create | Villager (Male) |
| 17:41 | Build | Mining Camp |
| 17:44 | Create | Villager (Male) |
| 17:51 | Build | House |
| 17:52 | Build | House |
| 17:53 | Build | House |
| 18:13 | Research | Wheelbarrow |
| 18:18 | Create | Villager (Male) |
| 18:21 | Research | Stone Shaft Mining |
| 18:24 | Research | Gold Shaft Mining |
| 18:27 | Create | Villager (Male) |
| 18:28 | Create | Villager (Male) |
| 18:34 | Research | Heavy Plow |
| 18:41 | Build | Farm |
| 18:43 | Build | Farm |
| 18:46 | Build | Farm |
| 18:50 | Build | Farm |
| 18:52 | Create | Villager (Male) |
| 18:55 | Build | Farm |
| 18:59 | Build | Farm |
| 19:02 | Build | Farm |
| 19:04 | Create | Villager (Male) |
| 19:08 | Build | Farm |
| 19:10 | Create | Villager (Male) |
| 19:26 | Create | Villager (Male) |
| 19:33 | Build | Farm |
| 19:38 | Create | Villager (Male) |
| 19:40 | Create | Villager (Male) |
| 19:52 | Create | Villager (Male) |
| 20:03 | Create | Villager (Male) |
| 20:07 | Build | House |
| 20:08 | Build | House |
| 20:09 | Build | House |
| 20:10 | Build | House |
| 20:11 | Build | House |
| 20:15 | Create | Villager (Male) |
| 20:19 | Build | Mill |
| 20:20 | Build | Farm |
| 20:28 | Build | Farm |
| 20:32 | Create | Villager (Male) |
| 20:36 | Create | Villager (Male) |
| 20:51 | Create | Villager (Male) |
| 20:57 | Build | Monastery |
| 21:06 | Create | Villager (Male) |
| 21:06 | Create | Villager (Male) |
| 21:07 | Create | Villager (Male) |
| 21:26 | Build | Barracks |
| 21:39 | Build | Castle |
| 21:41 | Build | Mining Camp |
| 21:42 | Create | Villager (Male) |
| 21:45 | Create | Villager (Male) |
| 21:47 | Create | Villager (Male) |
| 21:49 | Create | Monk |
| 22:12 | Research | Hand Cart |
| 22:14 | Create | Villager (Male) |
| 22:14 | Create | Villager (Male) |
| 22:17 | Create | Villager (Male) |
| 22:22 | Build | Farm |
| 22:34 | Create | Villager (Male) |
| 22:44 | Build | House |
| 22:53 | Build | Town Center |
| 22:57 | Create | Villager (Male) |
| 22:59 | Create | Villager (Male) |
| 23:03 | Create | Villager (Male) |
| 23:06 | Research | Loom |
| 23:16 | Create | Villager (Male) |
| 23:20 | Build | Farm |
| 23:24 | Build | Farm |
| 23:24 | Build | Farm |
| 23:25 | Build | Farm |
| 23:25 | Build | Farm |
| 23:29 | Create | Villager (Male) |
| 23:30 | Create | Unit 1949 |
| 23:30 | Create | Unit 1949 |
| 23:37 | Build | Farm |
| 23:38 | Create | Villager (Male) |
| 23:46 | Create | Villager (Male) |
| 23:51 | Build | Farm |
Build order — bindella
First 150 of 563 actions detected
| 0:02 | Create | Villager (Male) |
| 0:02 | Create | Villager (Male) |
| 0:02 | Create | Villager (Male) |
| 0:03 | Build | House |
| 0:04 | Build | House |
| 0:11 | Create | Villager (Male) |
| 0:11 | Create | Villager (Male) |
| 1:36 | Create | Villager (Male) |
| 1:36 | Create | Villager (Male) |
| 1:36 | Create | Villager (Male) |
| 1:51 | Create | Villager (Male) |
| 2:16 | Build | Lumber Camp |
| 2:27 | Create | Villager (Male) |
| 2:47 | Create | Villager (Male) |
| 3:08 | Create | Villager (Male) |
| 3:08 | Create | Villager (Male) |
| 3:30 | Create | Villager (Male) |
| 3:31 | Create | Villager (Male) |
| 3:52 | Build | House |
| 4:00 | Create | Villager (Male) |
| 4:00 | Create | Villager (Male) |
| 4:15 | Build | Mill |
| 4:32 | Create | Villager (Male) |
| 4:32 | Create | Villager (Male) |
| 4:32 | Create | Villager (Male) |
| 4:33 | Create | Villager (Male) |
| 5:14 | Create | Villager (Male) |
| 5:15 | Create | Villager (Male) |
| 5:15 | Create | Villager (Male) |
| 5:22 | Create | Villager (Male) |
| 5:22 | Create | Villager (Male) |
| 5:22 | Create | Villager (Male) |
| 5:42 | Build | House |
| 6:13 | Create | Villager (Male) |
| 6:14 | Create | Villager (Male) |
| 6:46 | Create | Villager (Male) |
| 6:46 | Create | Villager (Male) |
| 7:32 | Create | Villager (Male) |
| 8:11 | Create | Villager (Male) |
| 8:17 | Build | Mining Camp |
| 8:27 | Build | House |
| 8:53 | Research | Feudal Age |
| 8:53 | Research | Feudal Age |
| 9:48 | Build | Barracks |
| 10:39 | Build | Lumber Camp |
| 10:44 | Build | Farm |
| 10:46 | Build | Farm |
| 10:52 | Build | Farm |
| 10:58 | Create | Villager (Male) |
| 11:03 | Age | Feudal Age |
| 11:14 | Build | Stable |
| 11:22 | Create | Villager (Male) |
| 11:22 | Create | Villager (Male) |
| 11:39 | Build | Blacksmith |
| 11:58 | Research | Horse Collar |
| 11:58 | Research | Horse Collar |
| 12:22 | Research | Castle Age |
| 12:28 | Build | Farm |
| 12:31 | Build | Farm |
| 13:08 | Create | Villager (Male) |
| 13:11 | Build | Farm |
| 13:13 | Build | Farm |
| 13:32 | Research | Scale Barding Armor |
| 13:45 | Build | Farm |
| 14:00 | Build | House |
| 14:10 | Research | Bloodlines |
| 14:11 | Research | Bloodlines |
| 14:53 | Build | House |
| 15:02 | Age | Castle Age |
| 15:05 | Create | Battle Elephant |
| 15:05 | Create | Villager (Male) |
| 15:15 | Build | Town Center |
| 15:24 | Create | Battle Elephant |
| 15:30 | Build | Farm |
| 15:30 | Build | Farm |
| 15:31 | Build | Farm |
| 15:33 | Create | Villager (Male) |
| 15:33 | Create | Villager (Male) |
| 15:38 | Build | Farm |
| 15:39 | Build | Farm |
| 15:43 | Build | Farm |
| 15:46 | Build | House |
| 15:51 | Build | Farm |
| 16:07 | Create | Villager (Male) |
| 16:13 | Build | Farm |
| 16:22 | Create | Villager (Male) |
| 16:37 | Create | Villager (Male) |
| 16:38 | Create | Villager (Male) |
| 16:49 | Create | Villager (Male) |
| 17:02 | Create | Villager (Male) |
| 17:02 | Create | Villager (Male) |
| 17:03 | Build | Farm |
| 17:04 | Build | Farm |
| 17:22 | Create | Villager (Male) |
| 17:34 | Create | Villager (Male) |
| 17:34 | Create | Villager (Male) |
| 17:46 | Create | Villager (Male) |
| 17:46 | Create | Villager (Male) |
| 17:56 | Create | Villager (Male) |
| 17:56 | Create | Villager (Male) |
| 18:06 | Create | Villager (Male) |
| 18:11 | Build | Farm |
| 18:11 | Build | Farm |
| 18:19 | Create | Villager (Male) |
| 18:29 | Create | Villager (Male) |
| 18:38 | Create | Villager (Male) |
| 18:42 | Create | Villager (Male) |
| 19:00 | Build | Town Center |
| 19:15 | Create | Villager (Male) |
| 19:32 | Build | Farm |
| 19:34 | Build | Farm |
| 19:38 | Build | Monastery |
| 19:43 | Create | Villager (Male) |
| 19:43 | Create | Villager (Male) |
| 19:45 | Research | Wheelbarrow |
| 19:45 | Research | Wheelbarrow |
| 19:54 | Create | Villager (Male) |
| 19:55 | Create | Villager (Male) |
| 19:55 | Create | Villager (Male) |
| 20:08 | Create | Villager (Male) |
| 20:08 | Create | Villager (Male) |
| 20:20 | Create | Villager (Male) |
| 20:20 | Create | Villager (Male) |
| 20:27 | Create | Villager (Male) |
| 20:27 | Create | Villager (Male) |
| 20:35 | Build | Farm |
| 20:35 | Build | Farm |
| 20:35 | Build | Farm |
| 20:36 | Build | Farm |
| 20:36 | Build | Farm |
| 20:42 | Create | Villager (Male) |
| 20:42 | Create | Villager (Male) |
| 20:51 | Build | Farm |
| 20:52 | Build | Farm |
| 20:52 | Create | Villager (Male) |
| 20:52 | Create | Villager (Male) |
| 21:00 | Build | Farm |
| 21:01 | Build | Farm |
| 21:02 | Build | Farm |
| 21:18 | Build | House |
| 21:19 | Create | Villager (Male) |
| 21:23 | Build | House |
| 21:33 | Build | House |
| 21:36 | Create | Villager (Male) |
| 21:36 | Create | Villager (Male) |
| 21:38 | Build | House |
| 21:41 | Research | Heavy Plow |
| 21:41 | Research | Heavy Plow |
| 21:56 | Research | Hand Cart |
| 22:01 | Build | Farm |
Build order — Bartek2451979
First 150 of 316 actions detected
| 0:01 | Create | Villager (Male) |
| 0:01 | Create | Villager (Male) |
| 0:03 | Build | House |
| 0:04 | Build | House |
| 0:20 | Create | Villager (Male) |
| 0:28 | Create | Villager (Male) |
| 0:29 | Create | Villager (Male) |
| 1:28 | Create | Villager (Male) |
| 1:28 | Create | Villager (Male) |
| 1:48 | Build | Lumber Camp |
| 1:54 | Create | Villager (Male) |
| 2:25 | Create | Villager (Male) |
| 2:25 | Create | Villager (Male) |
| 2:50 | Create | Villager (Male) |
| 3:24 | Create | Villager (Male) |
| 3:24 | Create | Villager (Male) |
| 3:24 | Create | Villager (Male) |
| 3:48 | Build | House |
| 3:58 | Create | Villager (Male) |
| 4:07 | Create | Villager (Male) |
| 5:01 | Create | Villager (Male) |
| 5:13 | Create | Villager (Male) |
| 5:13 | Create | Villager (Male) |
| 5:17 | Create | Villager (Male) |
| 5:35 | Build | House |
| 5:40 | Build | Mill |
| 5:52 | Create | Villager (Male) |
| 6:03 | Create | Villager (Male) |
| 6:18 | Create | Villager (Male) |
| 6:41 | Create | Villager (Male) |
| 6:47 | Research | Loom |
| 7:39 | Research | Feudal Age |
| 9:08 | Build | Mining Camp |
| 9:36 | Build | Mining Camp |
| 10:12 | Create | Villager (Male) |
| 10:49 | Create | Villager (Male) |
| 10:50 | Create | Villager (Male) |
| 10:54 | Build | House |
| 10:58 | Build | Blacksmith |
| 11:01 | Create | Villager (Male) |
| 11:02 | Research | Double-Bit Axe |
| 11:03 | Research | Horse Collar |
| 11:12 | Build | Watch Tower |
| 11:17 | Build | Farm |
| 11:29 | Build | Palisade Wall |
| 11:32 | Build | Palisade Wall |
| 11:35 | Build | Palisade Wall |
| 11:40 | Build | Palisade Wall |
| 11:44 | Research | Fletching |
| 12:03 | Create | Villager (Male) |
| 12:03 | Create | Villager (Male) |
| 12:05 | Build | Farm |
| 12:09 | Build | Farm |
| 12:10 | Create | Villager (Male) |
| 12:32 | Create | Villager (Male) |
| 12:33 | Build | House |
| 12:36 | Build | Farm |
| 12:55 | Create | Villager (Male) |
| 12:57 | Build | Farm |
| 13:07 | Build | House |
| 13:10 | Create | Villager (Male) |
| 13:20 | Build | Farm |
| 14:10 | Build | Farm |
| 14:20 | Build | Watch Tower |
| 14:30 | Create | Villager (Male) |
| 14:41 | Build | Farm |
| 14:51 | Create | Villager (Male) |
| 15:05 | Create | Villager (Male) |
| 15:18 | Create | Villager (Male) |
| 15:23 | Build | Farm |
| 15:24 | Create | Villager (Male) |
| 15:29 | Build | Farm |
| 15:53 | Create | Villager (Male) |
| 15:56 | Build | Farm |
| 16:34 | Build | Farm |
| 16:36 | Create | Villager (Male) |
| 16:39 | Build | Market |
| 17:13 | Create | Villager (Male) |
| 17:19 | Build | Farm |
| 17:20 | Research | Castle Age |
| 17:39 | Create | Villager (Male) |
| 18:02 | Create | Villager (Male) |
| 18:02 | Create | Villager (Male) |
| 18:10 | Build | Farm |
| 18:16 | Research | Wheelbarrow |
| 18:42 | Build | Palisade Wall |
| 18:44 | Build | Palisade Wall |
| 18:54 | Build | House |
| 18:55 | Build | House |
| 18:57 | Research | Stone Mining |
| 19:44 | Build | Outpost |
| 20:06 | Build | Palisade Wall |
| 20:10 | Build | Palisade Wall |
| 20:22 | Build | Siege Workshop |
| 20:26 | Research | Bodkin Arrow |
| 20:27 | Create | Villager (Male) |
| 20:33 | Build | Castle |
| 20:35 | Build | Mining Camp |
| 20:38 | Create | Villager (Male) |
| 20:38 | Create | Villager (Male) |
| 20:59 | Build | University |
| 21:19 | Build | Castle |
| 21:41 | Create | Villager (Male) |
| 21:52 | Create | Iron Pagoda |
| 21:59 | Create | Villager (Male) |
| 22:05 | Research | Gold Mining |
| 22:08 | Create | Villager (Male) |
| 22:15 | Create | Villager (Male) |
| 22:23 | Create | Villager (Male) |
| 22:25 | Create | Villager (Male) |
| 22:53 | Build | Gate |
| 22:58 | Create | Villager (Male) |
| 23:25 | Build | Town Center |
| 24:07 | Create | Villager (Male) |
| 24:13 | Create | Villager (Male) |
| 24:19 | Research | Bow Saw |
| 24:39 | Research | Town Watch |
| 24:44 | Build | Outpost |
| 25:01 | Create | Villager (Male) |
| 25:10 | Create | Villager (Male) |
| 25:13 | Create | Iron Pagoda |
| 25:14 | Create | Villager (Male) |
| 25:14 | Create | Villager (Male) |
| 25:24 | Build | Lumber Camp |
| 25:56 | Build | Outpost |
| 25:56 | Create | Villager (Male) |
| 26:05 | Create | Iron Pagoda |
| 26:13 | Create | Villager (Male) |
| 26:26 | Create | Villager (Male) |
| 26:29 | Create | Villager (Male) |
| 26:34 | Build | Farm |
| 26:38 | Build | Farm |
| 26:39 | Create | Villager (Male) |
| 26:53 | Create | Villager (Male) |
| 26:59 | Build | Outpost |
| 27:00 | Create | Villager (Male) |
| 27:03 | Build | Farm |
| 27:03 | Build | Farm |
| 27:03 | Build | Farm |
| 27:09 | Build | Farm |
| 27:10 | Create | Villager (Male) |
| 27:10 | Create | Villager (Male) |
| 27:12 | Build | Farm |
| 27:12 | Build | Farm |
| 27:15 | Research | Town Patrol |
| 27:17 | Create | Villager (Male) |
| 27:17 | Create | Villager (Male) |
| 27:23 | Create | Iron Pagoda |
| 27:33 | Create | Villager (Male) |
| 27:43 | Research | Heavy Plow |
Build order — Handsome01
First 150 of 541 actions detected
| 0:03 | Build | House |
| 0:04 | Build | House |
| 0:04 | Create | Villager (Male) |
| 0:05 | Create | Villager (Male) |
| 0:05 | Create | Villager (Male) |
| 0:05 | Create | Villager (Male) |
| 0:05 | Create | Villager (Male) |
| 0:05 | Create | Villager (Male) |
| 1:46 | Create | Villager (Male) |
| 1:47 | Create | Villager (Male) |
| 1:58 | Create | Villager (Male) |
| 1:58 | Create | Villager (Male) |
| 2:17 | Build | Lumber Camp |
| 2:37 | Create | Villager (Male) |
| 2:37 | Create | Villager (Male) |
| 3:00 | Create | Villager (Male) |
| 3:00 | Create | Villager (Male) |
| 3:36 | Build | House |
| 3:37 | Build | House |
| 3:38 | Build | House |
| 3:39 | Create | Villager (Male) |
| 3:55 | Create | Villager (Male) |
| 3:55 | Create | Villager (Male) |
| 4:13 | Create | Villager (Male) |
| 4:13 | Create | Villager (Male) |
| 4:31 | Create | Villager (Male) |
| 4:31 | Create | Villager (Male) |
| 4:33 | Build | House |
| 4:37 | Create | Villager (Male) |
| 5:11 | Build | Mill |
| 5:37 | Create | Villager (Male) |
| 5:38 | Create | Villager (Male) |
| 6:08 | Create | Villager (Male) |
| 6:09 | Create | Villager (Male) |
| 6:09 | Create | Villager (Male) |
| 6:24 | Create | Villager (Male) |
| 6:24 | Create | Villager (Male) |
| 8:12 | Build | Mining Camp |
| 8:16 | Create | Villager (Male) |
| 8:18 | Research | Feudal Age |
| 11:02 | Age | Feudal Age |
| 11:02 | Research | Castle Age |
| 11:03 | Research | Castle Age |
| 11:08 | Build | House |
| 11:09 | Build | House |
| 11:19 | Research | Double-Bit Axe |
| 11:34 | Research | Horse Collar |
| 12:13 | Build | House |
| 12:16 | Build | House |
| 12:21 | Build | Palisade Wall |
| 12:44 | Build | Market |
| 12:48 | Build | Palisade Wall |
| 12:54 | Build | House |
| 13:00 | Build | Gate |
| 13:05 | Build | Stone Wall |
| 13:06 | Build | Stone Wall |
| 13:15 | Build | Gate |
| 13:17 | Create | Villager (Male) |
| 13:31 | Build | Farm |
| 13:32 | Build | Farm |
| 13:42 | Age | Castle Age |
| 13:44 | Build | Siege Workshop |
| 13:55 | Create | Villager (Male) |
| 14:09 | Build | Farm |
| 14:10 | Build | Farm |
| 14:12 | Build | Farm |
| 14:13 | Create | Villager (Male) |
| 14:17 | Create | Mangonel |
| 14:40 | Build | Farm |
| 14:41 | Create | Villager (Male) |
| 15:03 | Build | Farm |
| 15:14 | Create | Villager (Male) |
| 15:34 | Build | Town Center |
| 15:42 | Create | Villager (Male) |
| 15:53 | Build | Farm |
| 15:55 | Create | Villager (Male) |
| 16:07 | Create | Villager (Male) |
| 16:23 | Build | Farm |
| 16:29 | Create | Villager (Male) |
| 16:35 | Create | Villager (Male) |
| 16:50 | Create | Villager (Male) |
| 16:50 | Create | Villager (Male) |
| 16:54 | Build | Farm |
| 17:03 | Create | Villager (Male) |
| 17:09 | Build | Farm |
| 17:10 | Create | Villager (Male) |
| 17:34 | Create | Villager (Male) |
| 17:41 | Create | Villager (Male) |
| 17:43 | Build | Farm |
| 17:53 | Create | Villager (Male) |
| 17:54 | Create | Villager (Male) |
| 18:02 | Build | Farm |
| 18:05 | Build | Farm |
| 18:10 | Build | Farm |
| 18:12 | Create | Villager (Male) |
| 18:12 | Create | Villager (Male) |
| 18:27 | Build | Farm |
| 18:28 | Create | Villager (Male) |
| 18:30 | Build | Farm |
| 18:31 | Create | Villager (Male) |
| 18:31 | Create | Villager (Male) |
| 18:43 | Create | Villager (Male) |
| 18:44 | Create | Villager (Male) |
| 18:49 | Build | Town Center |
| 18:52 | Create | Villager (Male) |
| 18:53 | Build | Farm |
| 18:55 | Build | Farm |
| 19:04 | Create | Villager (Male) |
| 19:04 | Create | Villager (Male) |
| 19:14 | Create | Villager (Male) |
| 19:18 | Create | Villager (Male) |
| 19:27 | Create | Villager (Male) |
| 19:29 | Build | Farm |
| 19:32 | Build | Farm |
| 19:34 | Create | Villager (Male) |
| 19:34 | Create | Villager (Male) |
| 19:43 | Create | Villager (Male) |
| 19:43 | Create | Villager (Male) |
| 19:45 | Build | Farm |
| 19:51 | Create | Villager (Male) |
| 19:56 | Create | Villager (Male) |
| 20:05 | Create | Villager (Male) |
| 20:06 | Create | Villager (Male) |
| 20:09 | Build | Farm |
| 20:16 | Create | Villager (Male) |
| 20:16 | Create | Villager (Male) |
| 20:33 | Create | Villager (Male) |
| 20:35 | Build | Farm |
| 20:41 | Build | Farm |
| 20:44 | Create | Villager (Male) |
| 20:44 | Create | Villager (Male) |
| 20:46 | Build | Farm |
| 20:56 | Research | Bow Saw |
| 20:57 | Research | Bow Saw |
| 21:09 | Create | Villager (Male) |
| 21:10 | Create | Villager (Male) |
| 21:10 | Create | Villager (Male) |
| 21:15 | Build | Farm |
| 21:17 | Build | House |
| 21:19 | Build | Farm |
| 21:21 | Build | House |
| 21:22 | Build | House |
| 21:23 | Build | House |
| 21:23 | Create | Villager (Male) |
| 21:24 | Create | Villager (Male) |
| 21:25 | Build | Farm |
| 21:28 | Build | Farm |
| 21:30 | Create | Villager (Male) |
| 21:30 | Create | Villager (Male) |
| 21:42 | Create | Villager (Male) |
Match timeline
| 9:31 | Dr.Dreamz · first_building Barracks |
| 9:48 | bindella · first_building Barracks |
| 10:03 | froopalarm · age_up feudal |
| 10:56 | yaniversary · age_up feudal |
| 11:02 | Handsome01 · age_up feudal |
| 11:03 | bindella · age_up feudal |
| 11:03 | Dr.Dreamz · age_up feudal |
| 11:07 | Dr.Dreamz · first_building Archery Range |
| 11:14 | bindella · first_building Stable |
| 11:29 | Bartek2451979 · wall_segment Palisade Wall x1 |
| 11:32 | Bartek2451979 · wall_segment Palisade Wall x1 |
| 11:35 | Bartek2451979 · wall_segment Palisade Wall x1 |
| 11:40 | Bartek2451979 · wall_segment Palisade Wall x1 |
| 12:21 | Handsome01 · wall_segment Palisade Wall x4 |
| 12:48 | Handsome01 · wall_segment Palisade Wall x1 |
| 13:05 | Handsome01 · wall_segment Stone Wall x1 |
| 13:06 | Handsome01 · wall_segment Stone Wall x1 |
| 13:42 | Handsome01 · age_up castle |
| 13:44 | Handsome01 · first_building Siege Workshop |
| 14:05 | Handsome01 · first_market_sell 100 food |
| 14:29 | yaniversary · age_up castle |
| 14:34 | Dr.Dreamz · age_up castle |
| 14:36 | yaniversary · first_building Castle |
| 15:02 | bindella · age_up castle |
| 15:18 | Dr.Dreamz · first_building Siege Workshop |
| 15:30 | yaniversary · first_market_buy 100 food |
| 16:54 | froopalarm · age_up castle |
| 18:42 | Bartek2451979 · wall_segment Palisade Wall x1 |
| 18:44 | Bartek2451979 · wall_segment Palisade Wall x1 |
| 19:38 | bindella · first_building Monastery |
| 20:06 | Bartek2451979 · wall_segment Palisade Wall x1 |
| 20:10 | Bartek2451979 · wall_segment Palisade Wall x1 |
| 20:22 | Bartek2451979 · first_building Siege Workshop |
| 20:33 | Bartek2451979 · first_building Castle |
| 20:44 | Bartek2451979 · first_market_sell 100 food |
| 20:45 | Bartek2451979 · first_market_buy 100 wood |
| 20:57 | froopalarm · first_building Monastery |
| 21:26 | froopalarm · first_building Barracks |
| 21:32 | froopalarm · first_market_buy 100 stone |
| 21:39 | froopalarm · first_building Castle |
| 22:32 | Handsome01 · first_building Monastery |
| 22:36 | Dr.Dreamz · first_building Monastery |
| 22:38 | froopalarm · first_market_sell 100 wood |
| 24:39 | Dr.Dreamz · first_market_sell 100 wood |
| 25:52 | Handsome01 · first_building Castle |
| 25:59 | bindella · first_building Archery Range |
| 26:34 | bindella · first_market_sell 100 stone |
| 26:36 | bindella · first_market_buy 100 stone |
| 26:44 | bindella · first_building Castle |
| 27:48 | Handsome01 · first_building Stable |
| 27:53 | Dr.Dreamz · age_up imperial |
| 27:55 | bindella · wall_segment Stone Wall x1 |
| 30:06 | yaniversary · first_building Barracks |
| 30:16 | froopalarm · age_up imperial |
| 30:37 | froopalarm · first_building Siege Workshop |
| 30:49 | yaniversary · first_building Stable |
| 31:00 | Handsome01 · age_up imperial |
| 31:33 | yaniversary · first_building Siege Workshop |
| 32:05 | Handsome01 · wall_segment Stone Wall x2 |
| 32:11 | yaniversary · age_up imperial |
| 32:12 | Handsome01 · wall_segment Stone Wall x1 |
| 32:48 | yaniversary · first_market_sell 100 wood |
| 36:47 | bindella · age_up imperial |
| 37:20 | froopalarm · first_building Stable |
| 37:21 | Dr.Dreamz · first_building Castle |
| 39:02 | bindella · first_building Siege Workshop |
| 39:34 | Dr.Dreamz · first_market_buy 100 stone |
| 40:41 | yaniversary · first_building Monastery |
| 42:16 | bindella · tribute_sent a jugador 1 |
| 42:16 | bindella · tribute_sent a jugador 2 |
| 42:16 | bindella · tribute_sent a jugador 3 |
| 42:16 | bindella · tribute_sent a jugador 5 |
| 42:16 | bindella · tribute_sent a jugador 6 |
| 43:05 | Dr.Dreamz · wall_segment Palisade Wall x1 |
| 43:24 | bindella · tribute_sent a jugador 1 |
| 43:24 | bindella · tribute_sent a jugador 2 |
| 43:24 | bindella · tribute_sent a jugador 3 |
| 43:24 | bindella · tribute_sent a jugador 5 |
| 43:24 | bindella · tribute_sent a jugador 6 |
| 43:47 | bindella · tribute_sent a jugador 1 |
| 43:47 | bindella · tribute_sent a jugador 2 |
| 43:47 | bindella · tribute_sent a jugador 3 |
| 43:47 | bindella · tribute_sent a jugador 5 |
| 43:47 | bindella · tribute_sent a jugador 6 |
| 44:15 | Bartek2451979 · first_building Barracks |
| 47:13 | bindella · tribute_sent a jugador 1 |
| 47:13 | bindella · tribute_sent a jugador 2 |
| 47:13 | bindella · tribute_sent a jugador 3 |
| 47:13 | bindella · tribute_sent a jugador 5 |
| 47:13 | bindella · tribute_sent a jugador 6 |
| 48:24 | Bartek2451979 · resign |
[ AI ANALYSIS · 1 CREDIT ]
What really happened in this match?
Wolo.gg analyzes every decision: build order, eco, micro, common mistakes by bracket. Personalized analysis on WhatsApp or Discord in 30 seconds.
Civ guide
Italians
Perfil
Jugador #324215